AoeStats
← RIO1000

Runestones

507856150Analyzed
1v1 RM · 13d ago on Sep 19, 2026· 18m 5s· 2 players
Game mode
Random Map
Map size
Tiny (2 player)
Population
200
Speed
Normal
Resources
Standard
Victory
Conquest
Starting age
Dark Age
Ending age
Imperial Age
RankedLock teamsTeams togetherTeam positionsShared explorationLock speedFull tech treeHidden civsTurbo modeCheats
Victory
Defeat
🇲🇽 Cumans · Mexico
840
+15
🇦🇺 Inca · Australia
811
-20
Apex_predator
9:53 Feudal Age
10:07 Loom
10:27 Loom
10:31 Double-Bit Axe
16:59 Arson
18:28 Gold Mining
RIO1000
6:05 Loom
10:44 Feudal Age
13:48 Double-Bit Axe
13:46 Horse Collar
17:58 Castle Age
Connection lost

Rejoining the realm…

Still unreachable

The connection could not be restored.

Session expired

The server has moved on; the page needs a fresh start.